 Dungeon Crawl Stone Soup version 0.19-a0-1111-gcceb26a (webtiles) character file.

35 4thArraOfDagon the Ruffian (level 3, -9/32 HPs)
             Began as a Troll Arcane Marksman on Aug 10, 2016.
             Was an Initiate of Pakellas.
             Mangled by Grinder (11 damage)
             ... while paralysed by Grinder
             ... on level 4 of the Dungeon.
             The game lasted 00:01:49 (229 turns).

4thArraOfDagon the Ruffian (Troll Arcane Marksman)   Turns: 229, Time: 00:01:50

Health: -9/32      AC:  5    Str: 19    XL:     3   Next: 17%
Magic:  3/3        EV:  1    Int: 10    God:    Pakellas [......]
Gold:   21         SH:  0    Dex:  9    Spells: 1 memorised, 3 levels left

rFire  . . .     SeeInvis .       - Unarmed
rCold  . . .     Gourm    +     a - +0 robe
rNeg   . . .     Faith    .     (no shield)
rPois  .         Spirit   .     (helmet restricted)
rElec  .         Dismiss  .     (no cloak)
rCorr  .         Reflect  .     (gloves unavailable)
SustAt .         Harm     .     (boots unavailable)
MR     .....                    (no amulet)
Stlth  +.........               (no ring)
                                (no ring)

@: paralysed
A: unfitting armour, claws 3, fast metabolism 3, gourmand, regeneration 2,
shaggy fur 1, tough skin 2
a: Renounce Religion


You were on level 4 of the Dungeon.
You worshipped Pakellas.
Pakellas was noncommittal.
You were not hungry.

You visited 1 branch of the dungeon, and saw 4 of its levels.

You collected 21 gold pieces.

Inventory:

Missiles
 c - 3 large rocks (quivered)
Armour
 a - a +0 robe (worn)
Scrolls
 e - a scroll of remove curse {unknown}
 g - a scroll of teleportation {unknown}
 h - a scroll of noise {unknown}
 i - 3 scrolls of enchant weapon {unknown}
Books
 b - a book of Debilitation

   Spells                             Type                      Level
   a - Corona                         Hexes                        1
   b - Slow                           Hexes                        2
   c - Gell's Gravitas                Hexes/Translocation          3
   d - Inner Flame                    Hexes/Fire                   3
   e - Cause Fear                     Hexes                        4
   f - Leda's Liquefaction            Hexes/Earth                  4
Comestibles
 f - 2 bread rations


   Skills:
 - Level 0.7 Fighting
 - Level 1.7 Throwing
 - Level 1.5 Dodging
 * Level 2.8 Unarmed Combat
 - Level 1.0 Spellcasting
 - Level 2.0 Hexes


You had 3 spell levels left.
You knew the following spells:

 Your Spells              Type           Power        Failure   Level  Hunger
a - Corona                Hex            #......      17%         1    ##.....


Dungeon Overview and Level Annotations

Branches:
Dungeon (4/15)
 Temple: D:4-7

Altars:
Pakellas

Annotations:
D:4 Grinder


Innate Abilities, Weirdness & Mutations

You are too large for most types of armour.
You have claws for hands.
Your metabolism is lightning-fast.
You like to eat raw meat.
You heal very quickly.
You are covered in fur. (AC +1)
You have very tough skin. (AC +2)


Message History

You throw a throwing net.
The throwing net closely misses Grinder.
Unknown command.
Throwing (i - inventory. (,) - cycle):
d - a throwing net (quivered)
Press: ? - help, Shift-Dir - straight line, f/p - Grinder
Aim: Grinder (heavily wounded)
You throw a throwing net.
The throwing net closely misses Grinder.
Grinder gestures at you.
You suddenly lose the ability to move!
Grinder hits you!
You writhe in agony.
Grinder hits you.
* * * LOW HITPOINT WARNING * * *
Grinder gestures at you. You resist with significant effort. Grinder hits you!
* * * LOW HITPOINT WARNING * * *
Grinder hits you!
You die...
Pakellas says: Time to start the next experiment...

...... ......# ......#
##......# #......#
#......# #.
##.######......# #.
.......@5..>..(# #[
##.###.##.(....###.####
#..................
#.....##......####.####
###.#.#.............(..
#.#.#...####.###.#### .
#.#...# #.#....... ##
#.#...## #.#.#.....
#....# #.#.######


You could see Grinder.

Vanquished Creatures
  3 adders
  A giant gecko (D:3)
  A giant cockroach (D:4)
  A hobgoblin (D:1)
  A bat (D:1)
  2 kobolds
  2 rats (D:1)
11 creatures vanquished.

Notes
Turn   | Place    | Note
-------+----------+-------------------------------------------
     0 | D:1      | 4thArraOfDagon the Troll Arcane Marksman began the quest for the Orb.
     0 | D:1      | Reached XP level 1. HP: 18/18 MP: 1/1
     0 | D:1      | jacquesderrida: reeeeeeeeeeeeeeeeeeeep
     5 | D:1      | jacquesderrida: D: D: D:
     9 | D:1      | jacquesderrida: :D :D :D
    20 | D:1      | 4thArraOfDagon: :D
    20 | D:1      | 4thArraOfDagon: quite bad itans
    34 | D:1      | jacquesderrida: Gotta have them itens
    56 | D:1      | Reached skill level 1 in Unarmed Combat
    61 | D:1      | jacquesderrida: then itens...
    74 | D:2      | jacquesderrida: o
    79 | D:2      | Reached XP level 2. HP: 26/26 MP: 2/2
   166 | D:4      | Reached XP level 3. HP: 26/32 MP: 3/3
   181 | D:4      | Found an oddly glowing altar of Pakellas.
   182 | D:4      | :D
   182 | D:4      | jacquesderrida: pikleros
   185 | D:4      | Became a worshipper of Pakellas the Inventive
   214 | D:4      | Noticed Grinder
   224 | D:4      | Paralysed by Grinder for 5 turns
   228 | D:4      | HP: 1/32 [Grinder (7)]
   229 | D:4      | Mangled by Grinder

Vault maps used:
D:1:      dpeg_arrival_windows_large_door, due_unseen_surprise
D:2:      grunt_dithmenos_smoke_and_mirrors, ecumenical_altar_1
D:3:      minmay_door_path, nicolae_qazlal_eye_of_the_storm,
          minmay_misc_feat_roman, uniq_jessica
D:4:      nicolae_gozag_seed_capital, marbit_many_paths, uniq_duvessa,
          uniq_blork_the_orc, uniq_grinder

Skill      XL: |  1 |
---------------+----+-----
Unarmed Combat | 2 |  2.8
Fighting       | |  0.7
Throwing       | |  1.7
Dodging        | |  1.5
Spellcasting   | |  1.0
Hexes          | |  2.0

Action                   || total
-------------------------++-------
Melee: Unarmed           ||    34
Throw: Throwing net      ||     2
       Large rock        ||     1
 Stab: Sleeping          ||     1
  Eat: Chunk             ||     3
Armor: Robe              ||    17
Dodge: Dodged            ||    21
